 Dungeon Crawl Stone Soup version 0.27.1-34-g3ba077fa99 (webtiles) character file.

Game seed: 1897782993209194175

236 trashops the Skirmisher (level 5, -3/48 HPs)
             Began as a Minotaur Fighter on Jan 7, 2022.
             Succumbed to a gnoll sergeant's poison
             ... on level 4 of the Dungeon.
             The game lasted 00:04:14 (3174 turns).

trashops the Skirmisher (Minotaur Fighter)          Turns: 3174, Time: 00:04:15

Health: -3/48      AC:  7    Str: 22    XL:     5   Next: 77%
Magic:  4/4        EV:  7    Int:  5    God:
Gold:   164        SH:  9    Dex:  9    Spells: 4/4 levels left

rFire    . . .     SeeInvis .   a - +0 long sword
rCold    + . .     Faith    .   c - +0 kite shield
rNeg     + . .     Spirit   .   b - +0 scale mail
rPois    .         Reflect  .   (helmet restricted)
rElec    .         Harm     .   e - scarf {repulsion}
rCorr    .         Rampage  .   (no gloves)
Will     .....                  (no boots)
Stlth    ..........             (no amulet)
HPRegen  0.16/turn              h - ring of positive energy
MPRegen  0.09/turn              s - ring of protection from cold

@: lethally poisoned (-3 -> -32), repel missiles
A: horns 2, retaliatory headbutt
a: no special abilities


You were on level 4 of the Dungeon.
You visited 1 branch of the dungeon, and saw 4 of its levels.

You collected 164 gold pieces.

Inventory:

Hand Weapons
 a - a +0 long sword (weapon)
Armour
 b - a +0 scale mail (worn)
 c - a +0 kite shield (worn)
 e - a scarf of repulsion (worn)
Jewellery
 h - a ring of positive energy (left hand)
 s - a ring of protection from cold (right hand)
Scrolls
 f - 2 scrolls of identify {unknown}
 g - 2 scrolls of fog {unknown}
 j - a scroll of silence {unknown}
 k - a scroll of teleportation {unknown}
 m - a scroll of noise {unknown}
 n - a scroll of magic mapping {unknown}
 o - a scroll of blinking {unknown}
 p - 2 scrolls of amnesia {unknown}
Potions
 d - 2 potions of might
 i - 2 potions of curing
 l - a potion of ambrosia {unknown}
 q - a potion of invisibility {unknown}
 r - 2 potions of attraction {unknown}


   Skills:
 * Level 5.0 Fighting
 * Level 2.3(3.4) Short Blades
 + Level 4.2(4.6) Long Blades
 + Level 4.8 Armour
 + Level 4.3 Shields


You had 4 spell levels left.
You didn't know any spells.
Your spell library was empty.

Dungeon Overview and Level Annotations

Branches:
Dungeon (4/15)
 Temple: D:4-7

Altars:

Shops:
D:1 :


Innate Abilities, Weirdness & Mutations

You have a pair of horns on your head.
You reflexively headbutt those who attack you in melee.


Message History

The ogre hits you with a +0 giant spiked club.
* * * LOW HITPOINT WARNING * * *
Unknown command.
It was a potion of curing.
You feel better.
You slash the ogre!
You kill the ogre!
Your Fighting skill increases to level 5!
Your base Short Blades skill increases to level 2!
Your Long Blades skill increases to level 4!
You start resting.
A gnoll sergeant comes into view. It is wielding a +2 trident of venom.
Found a coppery potion.
The gnoll sergeant shouts!
You see here a +0 giant spiked club. 2 gnolls come into view.
The gnoll shouts! x2
The gnoll throws a throwing net.
You block the throwing net.
The gnoll sergeant hits you but does no damage.
You see here a throwing net.
A hound comes into view.
The hound barks!
You hear a shout!
The gnoll sergeant hits you with a +2 trident of venom!
You are poisoned.
You barely miss the gnoll sergeant.
You feel very sick.
The gnoll sergeant hits you with a +2 trident of venom.
You feel sick.
The gnoll sergeant hits you with a +2 trident of venom!
You are more poisoned.
You block the gnoll's attack.
You barely miss the gnoll.
* * * LOW HITPOINT WARNING * * *
You feel very sick.
The gnoll sergeant hits you with a +2 trident of venom!
* * * LOW HITPOINT WARNING * * *
You are more poisoned.
The gnoll hits you with a +0 mace.
* * * LOW HITPOINT WARNING * * *
The hound bites you but does no damage. You block the gnoll sergeant's attack.
You die...

.... ....... # ...
............ ..
...###............
#.##.................
......................
...#..................
..#...hg...$.[......
......g........>....
...##.g.@(.)...#.###
#...............#
#...............#
.............รท....# ##
#..#........<.....# ..
#..#....#.........# ..
.....##.#.........####..
..# #!#......?...))...
#..#.#.#######..


You could see a gnoll sergeant, a hound and 2 gnolls.

Vanquished Creatures
  An ogre (D:4)
  A hound (D:4)
  An orc wizard (D:4)
  An adder (D:2)
  A gnoll (D:4)
  An ufetubus (D:4)
  2 worms (D:2)
  A dart slug (D:2)
  3 orcs
  5 bats
  8 endoplasms
  5 giant cockroaches
  5 goblins
  4 hobgoblins
  2 quokkas (D:1)
  7 ball pythons
  3 frilled lizards
  A kobold (D:1)
  7 rats
59 creatures vanquished.

Notes
Turn   | Place    | Note
-------+----------+-------------------------------------------
     0 | D:1      | trashops the Minotaur Fighter began the quest for the Orb.
     0 | D:1      | Reached XP level 1. HP: 19/19 MP: 0/0
   459 | D:1      | Reached skill level 4 in Fighting
   460 | D:1      | Reached XP level 2. HP: 27/27 MP: 1/1
   817 | D:1      | Found Piosali's Book Emporium.
  1140 | D:2      | Found a faded altar of an unknown god.
  1178 | D:2      | Reached skill level 1 in Short Blades
  1202 | D:2      | Reached XP level 3. HP: 25/33 MP: 2/2
  2422 | D:3      | Reached XP level 4. HP: 36/41 MP: 3/3
  2900 | D:4      | Reached XP level 5. HP: 31/47 MP: 4/4
  2973 | D:4      | Noticed an ogre
  2982 | D:4      | Killed an ogre
  2983 | D:4      | Reached skill level 5 in Fighting
  3174 | D:4      | Succumbed to a gnoll sergeant's poison

Illustrated notes

Levels and vault maps discovered:
D:1:      minmay_arrival_nine_rooms, layout_basic, serial_shops,
          nicolae_shop_waterfront, serial_co_window_serial,
          co_window_of_opportunity_a, co_window_paths_a, co_window_paths_a,
          co_window_corner_a, co_window_paths_b, co_window_corner_b,
          co_window_corner_ca, co_window_of_opportunity_b,
          co_window_of_opportunity_b, co_window_broadway_a, co_window_4corner_b,
          glass_columns_a
D:2:      layout_loops_ring, ebering_ecumenical_altar_ruins, minmay_domino_4
D:3:      layout_basic
D:4:      layout_rooms, nzn_overflow_gifts_of_might_and_magic

Skill      XL: |  1  2  3  4  5 |
---------------+----------------+-----
Fighting       | 4 5 |  5.0
Short Blades   | 1 2 |  2.3
Armour         | 4 |  4.8
Shields        | 4 |  4.3
Long Blades    | 3 4 |  4.2

Action                   |  1- 3 |  4- 6 || total
-------------------------+-------+-------++-------
Melee: Long sword        |    90 |    44 ||   134
       Headbutt          |    13 |     6 ||    19
  Use: Potion            |       |     1 ||     1
Armor: Scale mail        |    36 |    21 ||    57
Dodge: Dodged            |    33 |    12 ||    45
Block: Kite shield       |    52 |    19 ||    71
       Rpst.: Long sword |     7 |     4 ||    11
